 Dungeon Crawl Stone Soup version 0.30.0-29-ga12c61a403 (webtiles) character file.

Game seed: 2957671848995108907

396 Chilbo the Chiller (level 6, -1/32 HPs)
             Began as a Deep Elf Ice Elementalist on June 12, 2023.
             Slain by an ogre
             ... wielding a +0 giant club
              (33 damage)
             ... on level 5 of the Dungeon.
             The game lasted 00:28:26 (3465 turns).

Chilbo the Chiller (Deep Elf Ice Elementalist)      Turns: 3465, Time: 00:28:26

Health: -1/32      AC:  4    Str:  5    XL:     6   Next: 52%
Magic:  12/12      EV: 17    Int: 22    God:
Gold:   268        SH:  0    Dex: 15    Spells: 0/11 levels left

rFire   . . .        y - +2 rapier (venom)
rCold   . . .        (no shield)
rNeg    . . .        a - +0 robe
rPois   .            r - +1 hat
rElec   .            n - +0 cloak {Stlth+}
rCorr   .            (no gloves)
SInv    .            (no boots)
Will    .....        (no amulet)
Stlth   +++          g - +5 ring of evasion
HPRegen 0.25/turn    (no ring)
MPRegen 0.13/turn

%: no passive effects
@: no status effects
A: no striking features
a: no special abilities


You were on level 5 of the Dungeon.
You visited 1 branch of the dungeon, and saw 5 of its levels.

You collected 268 gold pieces.

Inventory:

Hand Weapons
 e - a +0 dagger
 y - a +2 rapier of venom (weapon)
Missiles
 u - 14 poisoned darts (quivered)
Armour
 a - a +0 robe (worn)
 n - a +0 cloak of stealth (worn)
 r - a +1 hat (worn)
 A - a +0 buckler
Magical Staves
 h - a staff of cold
Jewellery
 g - a +5 ring of evasion (left hand)
 p - a ring of magical power
Wands
 l - a wand of paralysis (11)
Scrolls
 c - 5 scrolls of identify
 f - a scroll of summoning {unknown}
 j - 2 scrolls of teleportation {unknown}
 k - 2 scrolls of fear {unknown}
 m - a scroll of noise {unknown}
 q - a scroll of vulnerability {unknown}
 s - a scroll of fog
 t - a scroll of amnesia {unknown}
 v - 3 scrolls of enchant armour {unknown}
 x - a scroll of acquirement {unknown}
 z - a scroll of poison {unknown}
 B - 2 scrolls of blinking {unknown}
Potions
 b - a potion of magic
 d - a potion of berserk rage {unknown}
 i - 2 potions of mutation
 o - a potion of cancellation {unknown}
 w - a potion of lignification {unknown}


   Skills:
 - Level 2.4 Dodging
 - Level 3.0 Stealth
 - Level 3.0 Spellcasting
 + Level 2.8 Summonings
 + Level 7.9 Ice Magic


You couldn't memorise any spells.
You knew the following spells:

 Your Spells              Type           Power      Damage    Failure   Level
a - Freeze                Ice            100%       1d10      1%          1
b - Frozen Ramparts       Ice            76%        1d12      1%          3
c - Ozocubu's Armour      Ice            38%        N/A       1%          3
d - Summon Ice Beast      Ice/Summ       27%        N/A       14%         4

Your spell library contained the following spells:

 Spells                   Type           Power      Damage    Failure   Level
 Beastly Appendage        Tmut           6%         N/A       12%         1
 Sting                    Tmut/Pois      12%        1d3       12%         1
 Wereblood                Tmut           3%         N/A       19%         2
 Spider Form              Tmut/Pois      3%         N/A       36%         3


Dungeon Overview and Level Annotations

Branches:
Dungeon (5/15)
 Temple: D:4-7

Altars:
Wu Jian

Shops:
D:1 ?   D:3 !(:


Message History

Press: ? - help, Shift-Dir - straight line, f - iguana
Aim: an iguana (heavily wounded, very poisoned)
You freeze the iguana!
You kill the iguana!
A jelly comes into view.
The jelly quivers.
You hit the jelly.
The jelly is poisoned.
Your hands burn!
The jelly is lightly wounded.
The jelly closely misses you.
Casting: Freeze (safe; 1% risk of failure)
Confirm with . or Enter, or press ? or * to list all spells.
Aiming: Freeze (safe; 1% risk of failure)
Press: ? - help, Shift-Dir - straight line, f - jelly
Aim: a jelly (lightly wounded, very poisoned)
You freeze the jelly!
The jelly is heavily wounded.
The jelly closely misses you.
Casting: Freeze (safe; 1% risk of failure)
Confirm with . or Enter, or press ? or * to list all spells.
Aiming: Freeze (safe; 1% risk of failure)
Press: ? - help, Shift-Dir - straight line, f/p - jelly
Aim: a jelly (heavily wounded, very poisoned)
You freeze the jelly.
The jelly is severely wounded.
The jelly closely misses you.
Casting: Freeze (safe; 1% risk of failure)
Confirm with . or Enter, or press ? or * to list all spells.
Aiming: Freeze (safe; 1% risk of failure)
Press: ? - help, Shift-Dir - straight line, f/p - jelly
Aim: a jelly (severely wounded, very poisoned)
You freeze the jelly!
You kill the jelly!
HP restored.
An ogre comes into view. It is wielding a +0 giant club.
The helpless ogre fails to defend itself.
You hit the ogre.
The ogre is lightly wounded.
The ogre hits you with a +0 giant club!!
Ouch! That really hurt!
You die...

.......#..................#
#
..#######.................#
..# #.#.#........#
########### #............#
#.........# ##..#........#
#.........# ##.#........#
#.........# #.#..........
#.........# #.#........###
#.....[...# #@#........#
#.........# #O#.#####+##
####....### #.#.# #.......#
#.. #.......# ### #.......#
#.......# ####....#####
............#


You could see an ogre.

Vanquished Creatures
  A howler monkey (D:4)
  2 hounds
  A jelly (D:5)
  An orc priest (D:3)
  Crazy Yiuf (D:2)
  Jessica (D:3)
  2 iguanas
  Terence (D:2)
  3 adders
  A white imp (D:4)
  2 worms
  3 dart slugs
  7 orcs
  4 ball pythons
  6 endoplasms
  3 giant cockroaches
  4 goblins
  5 hobgoblins
  12 kobolds
  3 bats
  3 frilled lizards
  8 rats
74 creatures vanquished.

Notes
Turn   | Place    | Note
-------+----------+-------------------------------------------
     0 | D:1      | Chilbo the Deep Elf Ice Elementalist began the quest for
                  | the Orb.
     0 | D:1      | Reached XP level 1. HP: 10/10 MP: 6/6
   116 | D:1      | Reached XP level 2. HP: 15/15 MP: 2/8
   188 | D:1      | Found Hatoed Woergh's Magic Scroll Boutique.
   361 | D:1      | Reached skill level 5 in Ice Magic
   730 | D:2      | Found a faded altar of an unknown god.
   740 | D:2      | Got Plato's Book of Metamorphosis
   843 | D:2      | Reached XP level 3. HP: 19/19 MP: 7/9
   883 | D:2      | Found a runed translucent door.
   884 | D:2      | Noticed Crazy Yiuf
   889 | D:2      | Learned a level 3 spell: Frozen Ramparts
   897 | D:2      | Killed Crazy Yiuf
  1035 | D:2      | Reached skill level 6 in Ice Magic
  1035 | D:2      | Reached XP level 4. HP: 23/24 MP: 6/10
  1397 | D:2      | Noticed Terence
  1405 | D:2      | Killed Terence
  1696 | D:3      | Noticed Jessica
  1702 | D:3      | Killed Jessica
  1785 | D:3      | Found Poluy's Book Shop.
  1809 | D:3      | Reached XP level 5. HP: 28/28 MP: 6/11
  1876 | D:3      | Reached skill level 7 in Ice Magic
  1938 | D:3      | Found Cetelyos's Distillery.
  2003 | D:3      | Found Ripakhlu's Weapon Emporium.
  2269 | D:3      | Found an ornate altar of the Wu Jian Council.
  2361 | D:3      | Reached skill level 1 in Summonings
  2485 | D:4      | Reached XP level 6. HP: 32/32 MP: 6/12
  2981 | D:4      | Learned a level 3 spell: Ozocubu's Armour
  2986 | D:4      | Learned a level 4 spell: Summon Ice Beast
  2990 | D:5      | Entered Level 5 of the Dungeon
  3465 | D:5      | Slain by an ogre

Illustrated notes

Levels and vault maps discovered:
D:1:      nagdon_arrival_zigzag_paths, layout_basic, serial_shops, shop
D:2:      layout_basic, shapermc_ecumenical_altar_rom_forum,
          columned_hall_lemuel, uniq_terence, uniq_crazy_yiuf_cottage
D:3:      layout_basic, lemuel_round_altar, serial_shops, shop,
          nicolae_shop_hallway_plus, shop, minmay_vboxes, uniq_jessica
D:4:      layout_cave_pools
D:5:      layout_basic

Skill      XL: |  1  2  3  4  5  6 |
---------------+-------------------+-----
Ice Magic      | 5 6 7 |  7.9
Stealth        | 3 |  3.0
Summonings     | 1 2 |  2.8
Dodging        | |  2.4
Spellcasting   | |  3.0

Action                     |  1- 3 |  4- 6 || total
---------------------------+-------+-------++-------
  Melee: Dagger            |    29 |    20 ||    49
         Staff             |     2 |       ||     2
         Punch             |       |     2 ||     2
         Rapier            |       |    14 ||    14
  Throw: Dart              |       |     3 ||     3
   Cast: Freeze            |    34 |    49 ||    83
         Frozen Ramparts   |     1 |     4 ||     5
    Use: Scroll            |       |     2 ||     2
   Stab: Sleeping          |     1 |    10 ||    11
         Distracted        |     1 |       ||     1
 Armour: Robe              |     6 |     8 ||    14
  Dodge: Dodged            |    32 |    47 ||    79
